 Dungeon Crawl Stone Soup version 0.25.1-2-g60ff931df9 (webtiles) character file.

Game seed: 10960639481836678836

84 gruber the Twirler (level 4, -1/33 HPs)
             Began as a Demonspawn Gladiator on Nov 22, 2020.
             Slain by a hornet zombie (5 damage)
             ... on level 2 of the Dungeon.
             The game lasted 00:01:35 (1690 turns).

gruber the Twirler (Demonspawn Gladiator)           Turns: 1690, Time: 00:01:36

Health: -1/33      AC: 10    Str: 16    XL:     4   Next: 23%
Magic:  4/4        EV: 12    Int:  9    God:
Gold:   31         SH:  0    Dex: 14    Spells: 3/3 levels left

rFire    . . .     SeeInvis .   a - +0 quarterstaff
rCold    . . .     Gourm    .   (shield currently unavailable)
rNeg     . . .     Faith    .   b - +0 leather armour
rPois    .         Spirit   .   c - +0 helmet
rElec    .         Reflect  .   (no cloak)
rCorr    .         Harm     .   (no gloves)
MR       .....                  (no boots)
Stlth    ++........             (no amulet)
HPRegen  0.11/turn              (no ring)
MPRegen  0.09/turn              (no ring)

@: sanguine armour
A: hooves 1, nightstalker 1, sanguine armour 1
a: no special abilities


You were on level 2 of the Dungeon.
You were not hungry.

You visited 1 branch of the dungeon, and saw 2 of its levels.

You collected 31 gold pieces.

Inventory:

Hand Weapons
 a - a +0 quarterstaff (weapon)
Missiles
 d - 3 throwing nets (quivered)
 k - 4 javelins
 l - 16 poisoned darts
Armour
 b - a +0 leather armour (worn)
 c - a +0 helmet (worn)
Scrolls
 e - a scroll of remove curse {unknown}
 i - a scroll of blinking {unknown}
Potions
 h - a potion of mutation {unknown}
 j - a potion of invisibility {unknown}
Comestibles
 f - 2 rations
 g - 7 chunks of flesh


   Skills:
 - Level 2.0 Fighting
 + Level 4.6 Staves
 - Level 1.7 Throwing
 - Level 2.6 Dodging


You had 3 spell levels left.
You didn't know any spells.
Your spell library was empty.

Dungeon Overview and Level Annotations

Branches:
Dungeon (2/15)

Altars:


Innate Abilities, Weirdness & Mutations

You have large cloven feet.
You are slightly more attuned to the shadows.
When seriously injured, your bleeding wounds create armour. (AC +6)


Message History

The hornet zombie hits you. The hornet zombie closely misses you.
You hit the hornet zombie.
You kick the hornet zombie, but do no damage.
The hornet zombie is heavily damaged.
The hornet zombie barely misses you.
You hit the hornet zombie. You kick the hornet zombie.
The hornet zombie is severely damaged.
The hornet zombie barely misses you.
You completely miss the hornet zombie. Your kick misses the hornet zombie.
The hornet zombie is severely damaged.
The hornet zombie barely misses you. The hornet zombie hits you.
You hit the hornet zombie.
The hornet zombie is severely damaged.
The hornet zombie hits you!
* * * LOW HITPOINT WARNING * * *
You hit the hornet zombie.
You kick the hornet zombie, but do no damage.
The hornet zombie is severely damaged.
The hornet zombie hits you.
You die...

#.# #..## ####.##
##'###...####.....#
#....#.....##.....#######
#....#.....##............
#....#.....##........)...
#....#.....##....(.......
#....#.....##.....######.
#....#.....##.....#
#....'.##..#####@##
#....### #.# #Z# ######
.#####.# .......#
.......# .......#
....(..# ..((...#
.......#


You could see a hornet zombie.

Vanquished Creatures
  3 gnolls (D:2)
  An adder (D:2)
  An ooze (D:1)
  2 dart slugs (D:1)
  2 leopard geckos (D:1)
  2 giant cockroaches (D:2)
  6 goblins
  3 hobgoblins
  3 jackals (D:1)
  2 kobolds (D:1)
  A ball python (D:1)
  8 bats
  A frilled lizard (D:2)
  A rat (D:1)
36 creatures vanquished.

Notes
Turn   | Place    | Note
-------+----------+-------------------------------------------
     0 | D:1      | gruber the Demonspawn Gladiator began the quest for the
                  | Orb.
     0 | D:1      | Reached XP level 1. HP: 16/16 MP: 1/1
    49 | D:1      | Reached skill level 3 in Staves
   178 | D:1      | Gained mutation: You are slightly more attuned to the
                  | shadows. [demonic ancestry]
   178 | D:1      | Reached XP level 2. HP: 19/22 MP: 2/2
   811 | D:1      | Gained mutation: When seriously injured, your bleeding
                  | wounds create armour. (AC +6) [demonic ancestry]
   811 | D:1      | Reached XP level 3. HP: 25/27 MP: 3/3
   960 | D:1      | Reached skill level 4 in Staves
  1480 | D:2      | Gained mutation: You have large cloven feet. [demonic
                  | ancestry]
  1480 | D:2      | Reached XP level 4. HP: 14/33 MP: 4/4
  1690 | D:2      | Slain by a hornet zombie

Illustrated notes

Levels and vault maps discovered:
D:1:      eino_arrival_cavern_b, layout_loops_cross, grunt_decor_arrowhead
D:2:      layout_basic, nicolae_dithmenos_shadow_blocks, hex_tiny,
          palyth_stone_intersect, corexii_corridor_pit

Skill      XL: |  1  2  3 |
---------------+----------+-----
Staves         | 3 4 |  4.6
Fighting       | |  2.0
Throwing       | |  1.7
Dodging        | |  2.6

Action                   |  1- 3 |  4- 6 || total
-------------------------+-------+-------++-------
Melee: Quarterstaff      |   108 |    16 ||   124
       Kick              |       |     6 ||     6
Throw: Javelin           |     3 |     4 ||     7
 Stab: Sleeping          |     2 |       ||     2
  Eat: Chunk             |     2 |     1 ||     3
Armor: Leather armour    |    51 |     3 ||    54
Dodge: Dodged            |    78 |     9 ||    87
